Map: Ruins of Endion

Players

Miszu - Winner!

  • Race: Terran Terran
  • League: Master

Silvano

  • Race: Protoss Protoss
  • League: Master

VOD

Have the link to the VOD?

Description

Time

  • Played on: April 17, 2016, 3:11 p.m.
  • Length: 13:04
Show
View Real Time Build Order
Export as new Build Order

Miszu Terran - Winner!

Build Orders: Command Center First (CC), MMM Bio 

Get SALT Encoding   

  12  0:01  SCV  
  13  0:13  SCV  
  14  0:18  Supply Depot  
  14  0:25  SCV  
  15  0:39  SCV  
  16  0:51  SCV  
  17  1:00  Command Center  
  17  1:03  SCV  
  18  1:16  SCV  
  19  1:18  Barracks  
  19  1:28  SCV  
  19  1:32  Barracks  
  20  1:40  SCV  
  20  1:46  Barracks  
  21  1:52  SCV  
  22  2:06  Orbital Command  
  22  2:07  Marine  
  23  2:14  Orbital Command  
  23  2:19  Marine  
  24  2:26  Marine  
  25  2:32  SCV  
  25  2:33  Marine  
  25  2:36  Refinery  
  27  2:38  Refinery  
  27  2:39  SCV  
  27  2:41  Marine  
  29  2:44  Marine, SCV  
  31  2:51  SCV  
  31  2:55  Supply Depot  
  31  2:56  Marine, SCV  
  34  3:00  Marine  
  34  3:03  SCV  
  36  3:08  SCV  
  36  3:12  Barracks Tech Lab  
  37  3:14  Marine  
  37  3:16  SCV  
  37  3:18  Supply Depot  
  39  3:20  Marine, SCV  
  41  3:29  SCV  
  41  3:30  Marine  
  41  3:31  Stimpack  
  41  3:32  Marine, SCV  
  45  3:38  Marine  
  45  3:41  SCV  
  47  3:44  SCV  
  47  3:48  Marine  
  49  3:50  Supply Depot, Marine  
  49  3:53  SCV  
  51  3:56  SCV  
  51  3:59  Factory, Engineering Bay  
  53  4:05  Refinery, SCV  
  54  4:10  Barracks Reactor, SCV  
  54  4:11  Marine, Barracks Tech Lab  
  55  4:17  Barracks, SCV  
  55  4:19  Supply Depot, Barracks  
  55  4:22  SCV  
  57  4:28  Supply Depot  
  57  4:29  Marine, Marauder, SCV  
  61  4:31  Terran Infantry Weapons Level 1  
  61  4:34  SCV  
  62  4:41  SCV  
  63  4:46  Combat Shields  
  63  4:48  Marauder  
  63  4:50  Starport  
  63  4:52  SCV  
  66  4:53  SCV  
  66  4:55  Supply Depot  
  66  4:56  Factory Reactor  
  66  4:57  Marine  
  66  4:58  Marine  
  69  5:04  Refinery, SCV  
  69  5:05  SCV  
  71  5:08  Marauder  
  71  5:10  Barracks Reactor  
  73  5:15  Barracks Tech Lab  
  73  5:17  Marine, Marauder  
  73  5:18  Supply Depot  
  76  5:24  Missile Turret  
  76  5:30  Marine, Marauder  
  76  5:35  Marine  
  80  5:38  Marauder  
  80  5:40  Medivac x2  
  80  5:42  Marauder  
  88  5:48  Supply Depot, Marine  
  89  5:51  Supply Depot  
  89  5:54  Marine x3, Marauder  
  89  5:57  Factory Reactor  
  94  6:11  Command Center  
  94  6:13  Supply Depot  
  94  6:15  Marauder  
  94  6:16  Supply Depot  
  96  6:19  Medivac x2  
  100  6:29  Marauder x2  
  100  6:31  Marine  
  105  6:33  Marine, Widow Mine  
  105  6:34  Widow Mine  
  105  6:35  Marine  
  110  6:49  Medivac, Concussive Shells  
  107  6:57  Marauder  
  107  6:59  Marine x5, Marauder  
  107  7:00  Medivac  
  109  7:02  Widow Mine  
  109  7:03  Hellion  
  109  7:04  Supply Depot  
  109  7:05  SCV  
  114  7:10  Terran Infantry Armor Level 1  
  114  7:16  Marine  
  114  7:17  Marine x2  
  114  7:18  Marauder  
  91  7:33  Marauder  
  91  7:34  Medivac x2, Marauder  
  97  7:39  Marauder  
  97  7:45  Widow Mine x2  
  99  7:55  Marine  
  99  7:56  Marine x4, Marauder  
  103  8:00  Marine  
  103  8:01  SCV  
  103  8:04  Medivac  
  103  8:13  Marine  
  103  8:14  Marine x2, Marauder  
  103  8:18  Marauder  
  103  8:19  Marine, Marauder, Widow Mine  
  107  8:20  Hellion  
  107  8:22  Medivac  
  107  8:24  Orbital Command  
  113  8:28  SCV x2  
  113  8:31  Marine  
  116  8:46  Marine  
  116  8:47  Marine x4, Marauder, Widow Mine  
  116  8:48  Medivac  
  127  8:49  Marine  
  127  8:52  Medivac  
  128  9:05  Marauder  
  128  9:06  Marine, Marauder  
  128  9:07  Hellion  
  127  9:14  Marine, Marauder  
  127  9:15  Marine, Widow Mine  
  124  9:23  Marine  
  114  9:24  Medivac x2  
  114  9:27  Marauder x2, Widow Mine  
  123  9:33  Marine  
  123  9:36  Marauder  
  123  9:37  Marine  
  123  9:38  Engineering Bay, Marine  
  126  9:39  Armory  
  126  9:40  Barracks  
  126  9:41  Marine  
  126  9:44  Widow Mine  
  125  9:48  Marauder  
  125  9:49  Marauder  
  125  9:51  Marine  
  129  9:54  Medivac  
  129  9:55  Marine  
  129  9:56  Marine  
  129  9:57  Marauder  
  129  9:59  Marine  
  135  10:04  Widow Mine  
  137  10:09  Marine, Marauder  
  137  10:10  Marauder  
  137  10:13  Marine  
  143  10:19  Marauder  
  143  10:20  Marine x2  
  145  10:27  Marine, Widow Mine  
  148  10:31  Marine  
  149  10:41  Widow Mine  
  149  10:53  Marine x3  
  149  10:54  Marine x2, Medivac x2, Marauder x2  
  149  10:55  Widow Mine  
  125  11:07  Barracks Tech Lab  
  125  11:09  Command Center  
  125  11:10  Marine x2, Widow Mine  
  127  11:11  Marauder  
  127  11:12  Marine x2  
  127  11:15  Marine x2  
  132  11:24  Medivac x2  
  126  11:25  Widow Mine  
  126  11:28  Marine x2  
  126  11:32  Marine  
  131  11:33  Marauder  
  131  11:34  Marauder x2  
  131  11:37  Marine  
  131  11:38  Widow Mine  
  140  11:46  Marine  
  141  11:52  SCV  
  142  11:54  Medivac, Marauder  
  142  11:55  Supply Depot, Marauder  
  142  11:56  Supply Depot  
  142  11:57  Supply Depot  
  142  12:00  Marauder  
  123  12:08  Marine  
  123  12:09  Marine  
  123  12:13  Marine x2  
  125  12:16  Marauder x2  
  125  12:21  Marauder, Widow Mine  
  133  12:26  Marine  
  133  12:27  Marine  
  133  12:28  Medivac  
  137  12:30  Marine  
  137  12:31  Marine x2  
  140  12:37  Marauder  
  140  12:38  Marauder  
  140  12:42  Marauder  
  140  12:43  Factory  
  146  12:44  Marine  
  146  12:45  Marine  
Show
View Real Time Build Order
Export as new Build Order

Silvano Protoss 

Build Orders: 1 Gate Expand, Blink Stalkers 

Get SALT Encoding   

  12  0:01  Probe (Chrono Boost)  
  13  0:12  Probe (Chrono Boost)  
  14  0:18  Pylon  
  14  0:23  Probe (Chrono Boost)  
  15  0:36  Probe (Chrono Boost)  
  15  0:38  Gateway  
  16  0:46  Probe (Chrono Boost)  
  16  0:48  Assimilator  
  17  0:57  Probe (Chrono Boost)  
  18  1:08  Probe (Chrono Boost)  
  19  1:23  Nexus  
  19  1:32  Cybernetics Core  
  19  1:34  Probe (Chrono Boost)  
  20  1:40  Assimilator  
  20  1:45  Probe (Chrono Boost)  
  21  1:52  Pylon  
  21  1:55  Probe (Chrono Boost)  
  22  2:06  Probe (Chrono Boost)  
  23  2:10  Stalker  
  25  2:17  Probe (Chrono Boost)  
  25  2:22  Twilight Council  
  26  2:27  Probe (Chrono Boost)  
  26  2:28  Warp Gate  
  27  2:35  Probe (Chrono Boost)  
  28  2:38  Probe (Chrono Boost)  
  29  2:46  Probe (Chrono Boost)  
  29  2:48  Probe (Chrono Boost)  
  31  2:56  Probe (Chrono Boost)  
  32  2:58  Blink  
  32  2:59  Probe (Chrono Boost)  
  33  3:07  Probe (Chrono Boost)  
  33  3:09  Probe (Chrono Boost)  
  35  3:18  Mothership Core (Chrono Boost)  
  38  3:20  Probe (Chrono Boost)  
  38  3:22  Gateway  
  38  3:25  Gateway  
  38  3:30  Probe (Chrono Boost)  
  39  3:36  Probe (Chrono Boost)  
  39  3:41  Probe (Chrono Boost)  
  41  3:46  Nexus, Probe (Chrono Boost)  
  42  3:51  Robotics Facility  
  42  3:53  Probe (Chrono Boost)  
  43  3:57  Probe (Chrono Boost)  
  43  4:00  Pylon  
  44  4:03  Probe (Chrono Boost)  
  44  4:06  Assimilator  
  44  4:08  Assimilator  
  44  4:09  Probe (Chrono Boost)  
  46  4:17  Pylon  
  46  4:18  Probe (Chrono Boost)  
  46  4:20  Probe (Chrono Boost)  
  48  4:29  Forge, Probe (Chrono Boost)  
  50  4:31  Probe (Chrono Boost)  
  50  4:35  Stalker  
  50  4:36  Stalker  
  50  4:37  Stalker  
  56  4:39  Probe (Chrono Boost)  
  58  4:47  Immortal (Chrono Boost)  
  58  4:48  Probe  
  62  4:57  Probe  
  62  4:58  Pylon, Probe  
  62  4:59  Probe  
  64  5:02  Protoss Ground Armor Level 1 (Chrono Boost)  
  64  5:05  Sentry  
  64  5:06  Sentry  
  69  5:08  Probe  
  69  5:10  Probe  
  71  5:14  Robotics Bay, Probe  
  71  5:18  Probe  
  73  5:22  Probe  
  73  5:25  Stalker, Probe  
  73  5:27  Pylon  
  77  5:29  Probe  
  77  5:35  Observer (Chrono Boost), Pylon  
  79  5:39  Stalker x2, Probe  
  79  5:41  Probe  
  85  5:44  Probe  
  86  5:50  Probe  
  86  5:52  Stalker  
  89  5:57  Probe  
  89  5:59  Probe  
  89  6:02  Colossus (Chrono Boost)  
  97  6:10  Gateway  
  97  6:12  Gateway  
  97  6:13  Gateway  
  97  6:14  Charge  
  97  6:17  Pylon  
  97  6:19  Stalker  
  97  6:24  Stalker  
  101  6:30  Pylon  
  101  6:32  Pylon  
  100  6:36  Stalker  
  100  6:38  Pylon  
  100  6:39  Assimilator  
  102  6:42  Assimilator  
  102  6:49  Stalker x2  
  100  6:57  Mothership Core  
  92  7:05  Zealot  
  100  7:08  Colossus (Chrono Boost)  
  100  7:13  Sentry  
  92  7:24  Stalker  
  83  7:30  Stalker  
  83  7:35  Stalker x3  
  89  7:39  Stalker  
  87  7:48  Probe x2  
  87  7:49  Stalker  
  87  7:50  Probe  
  86  7:55  Stalker  
  87  8:04  Probe  
  88  8:06  Probe, Zealot x4  
  93  8:23  Colossus (Chrono Boost), Zealot x2, Probe x2  
  93  8:25  Probe  
  106  8:27  Pylon  
  106  8:34  Probe  
  106  8:35  Zealot x2  
  106  8:36  Zealot x2  
  106  8:41  Probe  
  115  8:42  Probe, Photon Cannon  
  115  8:44  Probe  
  118  8:50  Zealot  
  118  8:51  Probe, Zealot  
  123  9:01  Mothership Core  
  115  9:05  Stalker x4  
  115  9:26  Zealot x2  
  115  9:28  Zealot x3  
  114  9:40  Stalker  
  114  9:43  Colossus (Chrono Boost)  
  122  9:51  Stalker x3  
  122  9:52  Stalker x2  
  120  9:58  Probe  
  120  9:59  Protoss Ground Armor Level 2 (Chrono Boost)  
  116  10:01  Photon Cannon, Probe  
  116  10:06  Probe  
  114  10:08  Photon Cannon  
  114  10:10  Probe  
  114  10:11  Zealot, Probe  
  119  10:15  Zealot x4  
  119  10:21  Pylon  
  125  10:24  Probe x2  
  125  10:25  Probe  
  125  10:28  Templar Archives  
  125  10:34  Probe  
  124  10:37  Probe  
  124  10:39  Observer  
  127  10:44  Pylon  
  127  10:46  Pylon  
  124  10:51  Extended Thermal Lance  
  118  11:00  Photon Cannon  
  118  11:07  Stalker x2  
  114  11:24  Psionic Storm  
  112  11:31  Probe  
  112  11:32  Probe  
  105  11:38  Stalker x2  
  107  11:42  Pylon  
  107  11:49  Pylon  
  107  11:54  Pylon  
  107  11:55  Probe  
  107  11:56  Probe  
  107  12:06  Zealot x3  
  107  12:07  Zealot  
  98  12:11  Probe  
  98  12:13  Photon Cannon  
  98  12:15  Probe  
  99  12:16  Probe  
  99  12:21  Gateway  
  99  12:22  Gateway  
  101  12:25  Gateway  
  101  12:27  High Templar x3  
  101  12:28  Pylon  
  105  12:31  Zealot  
  105  12:33  Zealot  
  105  12:35  Probe  
  105  12:36  Probe  
  109  12:37  Probe  
  110  12:46  Probe  
  110  12:48  Probe  
  110  12:49  Photon Cannon  
  110  12:50  Probe  
  110  12:51  Photon Cannon  
  113  12:53  Photon Cannon  
  113  12:55  Zealot  
Tags
 
Add a new tag
Caveats
  • Supply blocks, unpowered buildings, or Contaminate may cause inaccurate times.
  • Supply counts are checked every 10 seconds.